 Dungeon Crawl Stone Soup version 0.29-a0-367-gc2b5878c41 (webtiles) character file.

Game seed: 16834179446900029857

626 Essalna the Insei (level 7, -1/56 HPs)
             Began as a Gnoll Wanderer on May 1, 2022.
             Killed from afar by an orc wizard (10 damage)
             ... with a puff of flame
             ... on level 5 of the Dungeon.
             The game lasted 00:09:51 (6392 turns).

Essalna the Insei (Gnoll Wanderer)                  Turns: 6392, Time: 00:09:52

Health: -1/56      AC:  4    Str: 10    XL:     7   Next: 47%
Magic:  10/10      EV: 12    Int: 14    God:
Gold:   361        SH:  5    Dex: 12    Spells: 8/11 levels left

rFire   . . .      SeeInvis .   o - +0 whip (elec)
rCold   . . .      Faith    .   (no shield)
rNeg    . . .      Spirit   .   f - +0 robe
rPois   +          Reflect  +   (no helmet)
rElec   .          Harm     .   k - +0 cloak
rCorr   .          Rampage  .   u - +0 pair of gloves
Will    .....                   (no boots)
Stlth   ++........              i - amulet of reflection
HPRegen 0.18/turn               p - ring of poison resistance
MPRegen 0.12/turn               (no ring)

@: no status effects
A: fangs 1, strong nose, distributed training
a: no special abilities


You were on level 5 of the Dungeon.
You visited 1 branch of the dungeon, and saw 5 of its levels.

You collected 361 gold pieces.

Inventory:

Hand Weapons
 a - a +0 spear
 d - a +0 dagger
 m - a +3 hand axe
 o - a +0 whip of electrocution (weapon)
Missiles
 c - 15 poisoned darts
 v - 6 javelins (quivered)
 A - a throwing net
Armour
 f - a +0 robe (worn)
 k - a +0 cloak (worn)
 u - a +0 pair of gloves (worn)
Jewellery
 h - a ring of fire
 i - an amulet of reflection (around neck)
 p - a ring of poison resistance (left hand)
Scrolls
 b - 2 scrolls of blinking
 e - 2 scrolls of fear
 g - a scroll of torment {unknown}
 l - a scroll of teleportation {unknown}
 n - 5 scrolls of identify {unknown}
 q - 3 scrolls of immolation {unknown}
 r - 3 scrolls of enchant armour {unknown}
 s - 3 scrolls of enchant weapon {unknown}
 w - a scroll of fog {unknown}
 y - a scroll of brand weapon {unknown}
 B - a scroll of magic mapping {unknown}
Potions
 j - 2 potions of attraction
 t - a potion of magic
 z - a potion of brilliance
 C - a potion of flight {unknown}


   Skills:
 + Level 5.2 Fighting
 + Level 2.5 Short Blades
 + Level 2.5 Long Blades
 + Level 2.5 Axes
 + Level 2.5 Maces & Flails
 + Level 5.2 Polearms
 + Level 2.5 Staves
 + Level 2.5 Slings
 + Level 2.5 Bows
 + Level 2.5 Crossbows
 + Level 5.2 Throwing
 + Level 3.6 Armour
 + Level 2.5 Dodging
 + Level 2.5 Stealth
 + Level 2.5 Shields
 + Level 5.2 Unarmed Combat
 + Level 2.5 Spellcasting
 + Level 2.0 Conjurations
 + Level 2.0 Hexes
 + Level 2.0 Summonings
 + Level 2.0 Necromancy
 + Level 2.0 Translocations
 + Level 2.0 Transmutations
 + Level 2.0 Fire Magic
 + Level 2.0 Ice Magic
 + Level 2.0 Air Magic
 + Level 2.0 Earth Magic
 + Level 2.0 Poison Magic
 + Level 2.8 Invocations
 + Level 3.6 Evocations


You had 8 spell levels left.
You knew the following spells:

 Your Spells              Type           Power      Damage    Failure   Level
a - Frozen Ramparts       Ice            14%        1d3       28%         3

Your spell library contained the following spells:

 Spells                   Type           Power      Damage    Failure   Level
 Scorch                   Fire           14%        2d5       14%         2
 Flame Wave               Conj/Fire      7%         2d5       67%         4
 Ice Form                 Ice/Tmut       7%         N/A       67%         4
 Summon Ice Beast         Ice/Summ       7%         N/A       67%         4
 Summon Cactus Giant      Summ           3%         N/A       100%        6


Dungeon Overview and Level Annotations

Branches:
Dungeon (5/15)
 Temple: D:4-7

Altars:
Makhleb
Okawaru
Trog


Innate Abilities, Weirdness & Mutations

You have very sharp teeth.
Your uncanny sense of smell can sniff out nearby items.
Your experience applies equally to all skills.


Message History

You closely miss something. You block the orc's attack. Something hits you.
You closely miss something. Something completely misses you.
The orc barely misses you.
You hit something. You bite something. Something hits you but does no damage.
You block the orc's attack.
You miss something. Something hits you. The orc hits you with a +0 flail.
You barely miss something. Something hits you. You block the orc's attack.
You barely miss something. Something hits you. You block the orc's attack.
You closely miss something. Your bite misses something.
You hear some strange, mumbled words.
A puff of flame appears from out of thin air!
The puff of flame hits you. The orc hits you with a +0 flail!
* * * LOW HITPOINT WARNING * * *
You barely miss something. Something hits you but does no damage.
You block the orc's attack.
You closely miss something. You block something's attack.
The orc barely misses you. The orc attacks as you move away!
The orc closely misses you.
You hear some strange, mumbled words.
A puff of flame appears from out of thin air!
The puff of flame misses you.
There is an open door here.
The orc attacks as you move away! The orc hits you but does no damage.
Something hits you.
* * * LOW HITPOINT WARNING * * *
You closely miss the orc.
An orc opens the door.
Found a stone staircase leading up.
You closely miss the orc. The orc hits you with a +0 flail.
* * * LOW HITPOINT WARNING * * *
You closely miss the orc.
A magic dart appears from out of thin air!
The magic dart hits you.
* * * LOW HITPOINT WARNING * * *
You barely miss the orc. You bite the orc, but do no damage.
The orc closely misses you.
You miss something.
You hear some strange, mumbled words.
A puff of flame appears from out of thin air!
The puff of flame hits you!
You die...

+...+
(######...######.
.(...............
........⌠........
($............[..
.######...######
#.. +...'...#
#.<.#.8.#.<.#
#...o@).'...#
#####{#'#####
#.))# #.<.# #...#
##### ∆


You could see an orc.

Vanquished Creatures
  2 scorpions
  A gnoll shaman (D:4)
  2 hounds (D:4)
  An orc priest (D:3)
  6 orc wizards
  15 gnolls
  2 worms
  2 dart slugs
  9 orcs
  6 endoplasms
  5 giant cockroaches
  6 goblins
  10 hobgoblins
  4 jackals (D:2)
  2 quokkas
  5 ball pythons
  5 bats
  4 frilled lizards
  7 kobolds
  7 rats
101 creatures vanquished.

Vanquished Creatures (others)
  12 fungi (D:4)
12 creatures vanquished.

Grand Total: 113 creatures vanquished

Notes
Turn   | Place    | Note
-------+----------+-------------------------------------------
     0 | D:1      | Essalna the Gnoll Wanderer began the quest for the Orb.
     0 | D:1      | Essalna set off with the following items: a +0 spear, 2
                  | scrolls of blinking, 10 poisoned darts, a +0 dagger, a
                  | scroll of fear, a +0 robe
     0 | D:1      | Reached XP level 1. HP: 20/20 MP: 1/1
   257 | D:1      | Reached XP level 2. HP: 26/26 MP: 2/2
   784 | D:1      | Reached XP level 3. HP: 31/31 MP: 3/3
  1209 | D:2      | Reached skill level 1 in Invocations
  1213 | D:2      | Reached skill level 1 in Short Blades
  1213 | D:2      | Reached skill level 1 in Long Blades
  1213 | D:2      | Reached skill level 1 in Axes
  1213 | D:2      | Reached skill level 1 in Maces & Flails
  1213 | D:2      | Reached skill level 1 in Staves
  1213 | D:2      | Reached skill level 1 in Slings
  1213 | D:2      | Reached skill level 1 in Bows
  1213 | D:2      | Reached skill level 1 in Crossbows
  1213 | D:2      | Reached skill level 1 in Dodging
  1213 | D:2      | Reached skill level 1 in Stealth
  1213 | D:2      | Reached skill level 1 in Shields
  1213 | D:2      | Reached skill level 1 in Spellcasting
  1213 | D:2      | Reached XP level 4. HP: 5/38 MP: 3/5
  1515 | D:2      | Found Vyfook's Antique Weapon Shoppe.
  2341 | D:2      | Reached skill level 1 in Conjurations
  2341 | D:2      | Reached skill level 1 in Hexes
  2341 | D:2      | Reached skill level 1 in Summonings
  2341 | D:2      | Reached skill level 1 in Necromancy
  2341 | D:2      | Reached skill level 1 in Translocations
  2341 | D:2      | Reached skill level 1 in Transmutations
  2341 | D:2      | Reached skill level 1 in Fire Magic
  2341 | D:2      | Reached skill level 1 in Ice Magic
  2341 | D:2      | Reached skill level 1 in Air Magic
  2341 | D:2      | Reached skill level 1 in Earth Magic
  2341 | D:2      | Reached skill level 1 in Poison Magic
  2721 | D:3      | Found a burning altar of Makhleb.
  2724 | D:3      | Found an iron altar of Okawaru.
  3773 | D:4      | Reached XP level 5. HP: 42/43 MP: 6/6
  4029 | D:4      | HP: 2/43 [gnoll/+0 scythe (15)]
  4069 | D:4      | Reached XP level 6. HP: 12/50 MP: 8/8
  4325 | D:4      | Found a bloodstained altar of Trog.
  4387 | D:4      | Reached skill level 5 in Fighting
  4387 | D:4      | Reached skill level 5 in Polearms
  4387 | D:4      | Reached skill level 5 in Throwing
  4387 | D:4      | Reached skill level 5 in Unarmed Combat
  4731 | D:3      | HP: 1/51 [orc wizard/+0 dagger (2)]
  5051 | D:3      | Reached XP level 7. HP: 19/56 MP: 10/10
  5916 | D:4      | Learned a level 3 spell: Frozen Ramparts
  5998 | D:5      | Entered Level 5 of the Dungeon
  6392 | D:5      | Killed from afar by an orc wizard

Illustrated notes

Levels and vault maps discovered:
D:1:      lightli_molten_gateway, layout_basic
D:2:      minmay_chambers_of_ones, layout_loops_corners, serial_shops,
          nicolae_shop_crystal
D:3:      layout_basic, nicolae_overflow_hidden_temple,
          minmay_misc_feat_more_columns, nrook_mini_vaults
D:4:      layout_basic, mainiacjoe_overflow_catwalk, dreamdust_gnoll_farm
D:5:      layout_cave_pools, minmay_temple_entry_butterflies, corner_web_ring,
          nicolae_elevator_lobby_plus, uniq_duvessa

Skill      XL: |  1  2  3  4  5  6  7 |
---------------+----------------------+-----
Invocations    | 1 2 |  2.8
Short Blades   | 1 2 |  2.5
Long Blades    | 1 2 |  2.5
Axes           | 1 2 |  2.5
Maces & Flails | 1 2 |  2.5
Staves         | 1 2 |  2.5
Slings         | 1 2 |  2.5
Bows           | 1 2 |  2.5
Crossbows      | 1 2 |  2.5
Dodging        | 1 2 |  2.5
Stealth        | 1 2 |  2.5
Shields        | 1 2 |  2.5
Spellcasting   | 1 2 |  2.5
Conjurations   | 1 2 |  2.0
Hexes          | 1 2 |  2.0
Summonings     | 1 2 |  2.0
Necromancy     | 1 2 |  2.0
Translocations | 1 2 |  2.0
Transmutations | 1 2 |  2.0
Fire Magic     | 1 2 |  2.0
Ice Magic      | 1 2 |  2.0
Air Magic      | 1 2 |  2.0
Earth Magic    | 1 2 |  2.0
Poison Magic   | 1 2 |  2.0
Armour         | 3 |  3.6
Evocations     | 3 |  3.6
Fighting       | 5 |  5.2
Polearms       | 5 |  5.2
Throwing       | 5 |  5.2
Unarmed Combat | 5 |  5.2

Action                   |  1- 3 |  4- 6 |  7- 9 || total
-------------------------+-------+-------+-------++-------
Melee: Spear             |    49 |       |       ||    49
       Bite              |     5 |    22 |     7 ||    34
       Whip              |    17 |   219 |    95 ||   331
       Punch             |     2 |     5 |     4 ||    11
Throw: Javelin           |       |       |     5 ||     5
  Use: Potion            |     3 |     7 |     1 ||    11
 Stab: Sleeping          |     3 |     7 |       ||    10
Armor: Robe              |     7 |    39 |    26 ||    72
Dodge: Dodged            |    16 |   137 |    58 ||   211
Block: Other             |     5 |    48 |    18 ||    71
       Reflection        |       |     1 |       ||     1

Table legend: (Time is in decaauts)
 A = Elapsed time spent in this place.
 B = Non-inter-level travel time spent in this place.
 C = Inter-level travel time spent in this place.
 D = Time resting spent in this place.
 E = Time spent auto-exploring this place.
 F = Levels seen in this place.
 G = Mean time per level.
                   A        B        C        D        E       F      G
               +--------+--------+--------+--------+--------+-----+--------+
         Total |   6402 |   6110 |    292 |      0 |   5100 |   5 | 1280.4 |
       Dungeon |   6402 |   6110 |    292 |      0 |   5100 |   5 | 1280.4 |
               +--------+--------+--------+--------+--------+-----+--------+

Top non-repeatable levels by time:
     D:3: 1900 daAuts
     D:4: 1734 daAuts
     D:2: 1592 daAuts
     D:1: 1049 daAuts
     D:5: 125 daAuts
